 Dungeon Crawl Stone Soup version 0.31-a0-868-g674d60d6f7 (webtiles) character file.

Game seed: 13826413222619255881

28 rageheart7 the Grave Robber (level 2, 19/19 HPs)
             Began as a Vampire Necromancer on Oct 12, 2023.
             Quit the game on level 2 of the Dungeon on Nov 7, 2023.
             The game lasted 00:04:05 (1716 turns).

rageheart7 the Grave Robber (Vampire Necromancer)   Turns: 1716, Time: 00:04:06

Health: 19/19      AC:  2    Str:  7    XL:     2   Next: 96%
Magic:  5/5        EV: 12    Int: 17    God:
Gold:   90         SH:  0    Dex: 14    Spells: 5/6 levels left

rFire   . . .        l - +1 hand axe (venom)
rCold   . . .        (no shield)
rNeg    . . .        a - +0 robe
rPois   .            (no helmet)
rElec   .            (no cloak)
rCorr   .            (no gloves)
SInv    +            (no boots)
Will    .....        (no amulet)
Stlth   ++           (no ring)
HPRegen 0.43/turn    (no ring)
MPRegen 0.09/turn

%: no passive effects
@: healing quickly
A: alive, fangs 3, see invisible, vampiric 1
a: Exsanguinate


You were on level 2 of the Dungeon.
You visited 1 branch of the dungeon, and saw 2 of its levels.

You collected 90 gold pieces.

Inventory:

Hand Weapons
 l - a +1 hand axe of venom (weapon)
Missiles
 h - 6 javelins
Armour
 a - a +0 robe (worn)
Jewellery
 i - an amulet of guardian spirit
Scrolls
 c - a scroll of enchant weapon {unknown}
 k - 2 scrolls of identify {unknown}
Potions
 b - a potion of magic
 d - 2 potions of invisibility {unknown}
 e - a potion of lignification {unknown}
 f - 3 potions of might {unknown}
 g - 2 potions of heal wounds {unknown}
 j - a potion of enlightenment {unknown}


   Skills:
 - Level 2.1 Dodging
 - Level 3.0 Stealth
 * Level 2.7 Spellcasting
 * Level 5.0 Necromancy


You had 5 spell levels left.
You knew the following spells:

 Your Spells              Type           Power      Damage    Failure   Level
a - Necrotise             Necr           76%        1d7       2%          1

Your spell library contained the following spells:

 Spells                   Type           Power      Damage    Failure   Level
 Vampiric Draining        Necr           19%        2d7       7%          3
 Animate Dead             Necr           19%        N/A       22%         4
 Agony                    Necr           19%        N/A       54%         5


Dungeon Overview and Level Annotations

Branches:
Dungeon (2/15)

Altars:


Innate Abilities, Weirdness & Mutations

Your natural rate of healing is accelerated.
You have razor-sharp teeth.
You have supernaturally acute eyesight. (SInv)
You are afflicted with vampirism.


Message History

Your kobold skeleton crumbles into dust!
Your magical contamination has completely faded away.
You swap places.
You see here a +0 dagger.
There is an escape hatch in the floor here.
Your goblin skeleton crumbles into dust!
Found a stone staircase leading up.
f - 3 brown potions (gained 1)
There is an open door here.
There is an open door here.
An endoplasm comes into view.
An endoplasm is nearby!
An endoplasm is nearby!
Casting: Necrotise (safe; 2% risk of failure)
Confirm with . or Enter, or press ? or * to list all spells.
Aiming: Necrotise (safe; 2% risk of failure)
Press: ? - help, Shift-Dir - straight line, f - endoplasm
Aim: an endoplasm (wandering, hasn't noticed you, chance to affect: 89%)
The endoplasm quivers.
The endoplasm writhes in agony.
The endoplasm hits you.
You hit the endoplasm.
You kill the endoplasm!
Your Necromancy skill increases to level 5!
You open the door.
There is an open door here.
There is an open door here.
You open the door.
There is an open door here.
You see here a maw talisman.
Found a plate armour.
You see here a +0 plate armour.
Done exploring.
Done exploring.
Done exploring.
Okay, then.
Welcome back, rageheart7 the Vampire Necromancer.
Press ? for a list of commands and other information.
Unknown command.
Are you sure you want to abandon this character and quit the game? (Confirm with "yes".)

## ############# .#
#......@....# .#
#.#########.# .## #.#
#.# ..# #.# #.# ..#
#.# #.# ..# #.# #.#
..# #.# #.#
..########.# #[#
..#......#.#########.#


There were no monsters in sight!

Vanquished Creatures
  A dart slug (D:1)
  5 endoplasms
  A giant cockroach (D:1)
  3 goblins
  3 hobgoblins
  3 ball pythons
  2 bats
  4 frilled lizards
  2 kobolds (D:2)
  A rat (D:1)
25 creatures vanquished.

Notes
Turn   | Place    | Note
-------+----------+-------------------------------------------
     0 | D:1      | rageheart7 the Vampire Necromancer began the quest for the
                  | Orb.
     0 | D:1      | Reached XP level 1. HP: 13/13 MP: 3/3
   504 | D:1      | Reached XP level 2. HP: 19/19 MP: 0/5
  1619 | D:2      | Reached skill level 5 in Necromancy
  1716 | D:2      | Quit the game

Illustrated notes

Levels and vault maps discovered:
D:1:      dpeg_arrival_central, layout_basic, kennysheep_another_room
D:2:      layout_basic

Skill      XL: |  1  2 |
---------------+-------+-----
Necromancy     | 5 |  5.0
Dodging        | |  2.1
Stealth        | |  3.0
Spellcasting   | |  2.7

Action                     || total
---------------------------++-------
  Melee: Unarmed           ||    17
         Hand axe          ||     3
         Bite              ||     2
   Cast: Necrotise         ||    43
 Armour: Robe              ||     8
  Dodge: Dodged            ||     5

Table legend: (Time is in decaauts)
 A = Elapsed time spent in this place.
 B = Non-inter-level travel time spent in this place.
 C = Inter-level travel time spent in this place.
 D = Time resting spent in this place.
 E = Time spent auto-exploring this place.
 F = Levels seen in this place.
 G = Mean time per level.
                   A        B        C        D        E       F      G
               +--------+--------+--------+--------+--------+-----+--------+
         Total |   1716 |   1676 |     40 |      0 |   1419 |   2 |  858.0 |
       Dungeon |   1716 |   1676 |     40 |      0 |   1419 |   2 |  858.0 |
               +--------+--------+--------+--------+--------+-----+--------+

Top non-repeatable levels by time:
     D:1: 974 daAuts
     D:2: 742 daAuts
